Map: Undercurrent LE

Players

Kwatermistrz

  • Race: Zerg Zerg
  • League: Gold
  • Spawn Location: 7:00

Xulux

  • Race: Terran Terran
  • Spawn Location: 7:00

Ekelpack - Winner!

  • Race: Zerg Zerg
  • Spawn Location: 3:00

Nyck - Winner!

  • Race: Terran Terran
  • Spawn Location: 1:00

VOD

Have the link to the VOD?

Description

Time

  • Played on: April 15, 2025, 2:32 p.m.
  • Length: 14:10
Show
View Real Time Build Order
Export as new Build Order

Kwatermistrz Zerg 

Build Orders: Hatch First 

Get SALT Encoding   

  12  0:00  Drone  
  13  0:08  Drone  
  14  0:15  Extractor  
  14  0:16  Drone  
  15  0:24  Overlord  
  15  0:44  Overlord  
  15  0:49  Drone x2  
  17  1:05  Hatchery  
  17  1:09  Drone x2  
  18  1:22  Spawning Pool  
  17  1:26  Extractor  
  16  1:33  Drone x2  
  18  1:45  Drone  
  19  1:52  Drone  
  20  2:04  Drone, Extractor  
  20  2:13  Drone  
  20  2:14  Queen  
  23  2:20  Hatchery  
  22  2:26  Roach Warren  
  21  2:31  Drone  
  22  2:49  Queen  
  23  2:56  Drone x2  
  23  2:57  Drone  
  26  3:06  Drone x3  
  29  3:17  Queen  
  29  3:19  Overlord  
  31  3:22  Drone  
  31  3:25  Drone  
  33  3:38  Drone  
  33  3:40  Drone x2  
  36  3:49  Queen  
  36  3:51  Queen  
  36  3:53  Drone  
  41  4:10  Drone x4  
  41  4:14  Spine Crawler  
  44  4:17  Spine Crawler  
  44  4:19  Drone x4  
  48  4:36  Roach x3  
  49  4:40  Spine Crawler  
  49  4:41  Spine Crawler  
  49  4:43  Spine Crawler  
  40  4:46  Drone x2  
  41  4:59  Drone  
  43  5:00  Drone x2  
  44  5:08  Overlord x3  
  44  5:30  Drone x2  
  44  5:31  Drone x3  
  44  5:35  Overlord x2  
  49  5:37  Drone  
  49  5:40  Lair  
  50  6:03  Drone  
  50  6:04  Drone x4  
  53  6:07  Extractor  
  53  6:09  Extractor  
  53  6:23  Spore Crawler  
  51  6:38  Queen  
  51  6:44  Drone x2  
  53  6:57  Spire  
  53  6:58  Hatchery  
  51  7:08  Drone  
  51  7:09  Drone x2, Spore Crawler  
  54  7:15  Drone  
  54  7:16  Drone x3  
  57  7:23  Drone x2  
  59  7:31  Drone  
  59  7:33  Overlord x2  
  60  7:43  Infestation Pit  
  59  7:59  Queen  
  59  8:02  Drone x3  
  64  8:15  Drone  
  64  8:16  Drone x3  
  64  8:17  Corruptor x6  
  80  8:27  Spore Crawler  
  80  8:28  Drone x3, Spore Crawler  
  81  8:42  Drone  
  82  8:54  Overlord x4  
  70  9:15  Roach x2  
  70  9:16  Roach x4  
  65  9:28  Corruptor x2  
  67  9:43  Corruptor x2  
  71  9:57  Corruptor x2  
  75  10:05  Hatchery  
  74  10:19  Corruptor x5  
  84  10:33  Overlord x2  
  84  10:34  Overlord x2  
  84  10:52  Overlord x4  
  84  10:53  Roach x2  
  88  11:17  Roach x4  
  96  11:19  Roach  
  98  11:36  Roach x5  
  79  11:58  Roach x7  
  79  11:59  Roach x3  
  99  12:20  Roach x5  
  108  12:41  Roach x5  
  108  12:42  Roach x5  
  108  12:43  Roach  
  130  12:49  Hatchery  
  129  12:57  Drone  
  129  12:58  Drone x2  
  132  12:59  Roach  
  132  13:00  Roach x4  
  142  13:11  Roach x3  
  148  13:19  Swarm Host, Roach  
  148  13:20  Overlord x2  
  67  13:41  Roach x2  
  67  13:42  Roach x4  
  75  13:48  Roach x2  
  75  13:49  Roach x2  
Show
View Real Time Build Order
Export as new Build Order

Xulux Terran 

Build Orders:  

Get SALT Encoding   

  12  0:00  SCV  
  13  0:12  SCV  
  14  0:20  Supply Depot  
  14  0:24  SCV  
  15  0:41  SCV  
  16  0:44  Barracks  
  16  0:53  SCV  
  17  1:03  Refinery  
  17  1:06  SCV  
  18  1:18  SCV  
  19  1:25  Command Center  
  19  1:31  SCV  
  20  1:39  Supply Depot  
  20  1:42  Marine  
  20  1:43  SCV  
  22  1:55  Orbital Command  
  22  2:01  Barracks Reactor  
  22  2:16  Barracks  
  22  2:24  SCV  
  22  2:25  Refinery  
  23  2:36  SCV  
  24  2:38  Marine x2  
  25  2:48  SCV  
  26  2:57  Orbital Command  
  26  3:01  SCV  
  26  3:04  Supply Depot, Marine x2  
  29  3:11  Barracks Tech Lab  
  29  3:21  Marine  
  29  3:22  Marine  
  29  3:25  SCV  
  32  3:27  Supply Depot  
  32  3:28  Refinery  
  32  3:32  Marine  
  33  3:37  SCV  
  33  3:39  Marine x2  
  36  3:49  SCV  
  36  3:54  Factory  
  37  4:01  SCV x2  
  39  4:09  Refinery  
  39  4:13  SCV x2  
  41  4:19  Marine x2  
  41  4:21  Combat Shield  
  43  4:25  SCV  
  43  4:28  Command Center  
  44  4:38  SCV  
  45  4:45  Marine  
  45  4:47  Supply Depot  
  45  4:49  Factory Tech Lab  
  45  4:50  SCV  
  45  4:51  Marine x2  
  49  4:59  Starport  
  49  5:09  Supply Depot, Marine x2  
  49  5:10  Siege Tank  
  54  5:20  Marine  
  55  5:26  Marine  
  55  5:27  Marine  
  57  5:36  Starport Reactor  
  57  5:40  Supply Depot  
  57  5:41  Supply Depot  
  57  5:42  Siege Tank  
  60  5:48  Engineering Bay  
  60  5:49  SCV  
  61  5:50  SCV  
  61  5:54  SCV  
  61  5:56  Marine  
  64  5:57  Marine  
  64  6:02  SCV  
  66  6:04  Supply Depot x2  
  66  6:17  Missile Turret  
  66  6:24  SCV  
  66  6:25  Missile Turret, SCV  
  68  6:35  Missile Turret  
  68  6:36  SCV  
  68  6:37  SCV  
  70  6:41  Medivac x2  
  74  6:48  Orbital Command, SCV  
  75  6:57  Siege Tank  
  78  7:07  SCV  
  79  7:09  SCV  
  79  7:11  Medivac x2  
  79  7:13  Stimpack  
  84  7:19  SCV  
  84  7:21  SCV  
  86  7:26  Marine  
  86  7:27  Marine x2  
  89  7:31  SCV  
  89  7:36  Barracks  
  90  7:38  Barracks  
  90  7:44  Marine x2  
  90  7:45  Marine  
  77  8:02  Marine x2  
  79  8:06  Marine  
  79  8:08  Viking x2  
  84  8:20  Marine x2  
  84  8:21  Starport  
  84  8:25  Starport  
  86  8:27  Barracks  
  86  8:28  Barracks  
  86  8:32  Barracks Reactor x2  
  86  8:33  Marine  
  87  8:37  Terran Infantry Weapons Level 1  
  87  8:38  Marine x2  
  89  8:44  SCV  
  90  8:51  Marine  
  91  8:55  Marine  
  91  8:56  Marine, SCV  
  91  9:00  Armory  
  94  9:08  SCV  
  94  9:09  Marine  
  89  9:13  Marine x2  
  77  9:20  SCV  
  77  9:21  Barracks Reactor x2  
  77  9:22  Marine x4  
  82  9:27  Marine, Siege Tank  
  82  9:31  Marine x2, Medivac x2  
  90  9:32  Starport Reactor x2, SCV  
  93  9:38  Refinery  
  93  9:39  Marine  
  93  9:40  Refinery, Marine x3  
  93  9:44  SCV  
  93  9:45  Marine  
  99  9:49  Marine x2  
  99  9:50  Command Center  
  99  9:52  Command Center  
  101  9:56  SCV  
  101  9:57  Marine  
  101  9:58  Marine x3  
  106  10:02  Marine  
  106  10:07  Marine x2  
  106  10:08  SCV  
  109  10:14  Marine  
  109  10:15  Command Center, Marine x4  
  109  10:16  Marine x3  
  109  10:20  Marine, SCV  
  118  10:25  Marine x2  
  120  10:31  Terran Infantry Armor Level 1  
  120  10:32  Marine  
  120  10:33  Marine x4  
  125  10:56  Command Center  
  125  11:13  Supply Depot x2  
  125  11:26  Marine x7  
  125  11:27  Viking x4  
  125  11:29  Marine x2  
  125  11:30  Refinery, Marine x2  
  125  11:31  Viking x2  
  131  11:37  Supply Depot  
  131  11:39  Supply Depot  
  115  11:44  Marine x7  
  106  11:47  Marine x3  
  106  11:48  Marine  
  106  11:49  Siege Tank  
  113  11:56  Refinery  
  113  11:57  Viking x2  
  113  12:00  Supply Depot  
  113  12:01  Viking  
  117  12:02  Marine x4  
  117  12:05  Supply Depot  
  121  12:14  Marine x5  
  126  12:16  Command Center  
  126  12:19  Medivac  
  126  12:20  Medivac x2  
  126  12:21  Siege Tank  
  135  12:26  Supply Depot  
  135  12:27  Planetary Fortress, Medivac x2  
  135  12:29  SCV  
  140  12:30  Medivac, SCV  
  140  12:36  Supply Depot  
  143  12:41  SCV  
  144  12:49  Supply Depot, Viking x2  
  144  12:51  Marine x8  
  149  12:52  Marine x3  
  159  12:59  Supply Depot  
  159  13:09  Marine x8  
  159  13:12  Supply Depot, Marine x2  
  101  13:32  Marine x2  
  85  13:35  Supply Depot  
  85  13:38  Marine  
  85  13:39  Marine x3  
Show
View Real Time Build Order
Export as new Build Order

Ekelpack Zerg - Winner!

Build Orders: Hatch First 

Get SALT Encoding   

  12  0:00  Drone  
  13  0:12  Overlord  
  13  0:17  Drone  
  14  0:30  Drone x2  
  14  0:34  Drone  
  17  0:55  Drone  
  17  0:56  Hatchery  
  17  0:58  Extractor  
  17  1:01  Drone  
  17  1:15  Spawning Pool  
  16  1:18  Drone  
  16  1:22  Drone  
  18  1:28  Drone  
  19  1:40  Drone  
  20  2:02  Queen, Metabolic Boost  
  20  2:07  Queen  
  24  2:08  Drone  
  25  2:16  Overlord  
  25  2:19  Drone  
  26  2:23  Drone  
  26  2:26  Drone  
  28  2:37  Drone  
  29  2:47  Zergling x4  
  29  2:48  Zergling x2  
  32  2:52  Lair  
  32  2:54  Drone  
  32  2:58  Zergling x2  
  34  3:13  Overlord  
  34  3:18  Zergling x4  
  36  3:28  Overlord  
  36  3:32  Zergling x6  
  36  3:33  Zergling x6  
  42  3:38  Extractor  
  42  3:41  Drone x2  
  43  3:47  Drone  
  43  3:48  Drone x2  
  46  3:53  Spire  
  46  3:54  Extractor  
  44  3:59  Drone  
  44  4:02  Drone x3  
  48  4:03  Overlord, Extractor  
  47  4:10  Drone  
  47  4:11  Overlord  
  44  4:51  Drone x3  
  44  4:52  Drone x2, Overlord x2  
  49  5:05  Zergling x8  
  53  5:14  Zerg Flyer Weapons Level 1  
  53  5:24  Mutalisk x5  
  63  5:35  Queen  
  63  5:38  Zergling x10  
  63  5:42  Hatchery  
  69  5:52  Infestation Pit  
  68  6:02  Zergling x6  
  68  6:03  Overlord x2, Zergling x2  
  72  6:18  Mutalisk x4  
  72  6:19  Mutalisk  
  80  6:44  Mutalisk x3  
  80  6:45  Zergling x2  
  80  6:46  Zergling x6  
  90  6:57  Zergling x6  
  93  7:16  Zerg Flyer Weapons Level 2  
  93  7:21  Drone x2  
  93  7:22  Drone x4  
  99  7:23  Overlord  
  99  7:24  Drone x3  
  99  7:25  Drone x2  
  104  7:30  Hive  
  104  7:32  Drone x2  
  106  7:40  Extractor  
  106  7:43  Extractor  
  104  8:01  Zergling x2  
  104  8:02  Zergling x12  
  104  8:03  Zergling x6  
  114  8:09  Overlord x3  
  114  8:21  Drone x2, Evolution Chamber x2  
  114  8:23  Overlord  
  114  8:36  Drone x2  
  114  8:37  Drone  
  117  8:45  Ultralisk Cavern  
  116  8:51  Zerg Ground Armor Level 1, Zerg Melee Weapons Level 1  
  82  9:36  Chitinous Plating  
  82  9:38  Adrenal Glands  
  82  9:39  Ultralisk  
  82  9:40  Ultralisk x4  
  112  9:51  Hatchery  
  109  10:15  Pneumatized Carapace  
  109  10:33  Drone x17  
  109  10:34  Drone x6  
  132  10:55  Anabolic Synthesis  
  132  10:58  Zerg Ground Armor Level 2, Zerg Melee Weapons Level 2  
  132  11:05  Extractor  
  132  11:06  Overlord x3  
  132  11:07  Overlord  
  132  11:08  Extractor  
  132  11:09  Queen  
  114  12:12  Overlord x3  
  114  12:13  Ultralisk x8  
  162  12:17  Hatchery  
  161  12:25  Overlord x2  
  161  12:26  Ultralisk  
  161  12:27  Ultralisk x2  
  179  12:49  Ultralisk x3  
  179  12:50  Zergling x6  
  184  13:27  Ultralisk x3  
  184  13:28  Zergling x2, Ultralisk  
  184  13:29  Zergling x6  
Show
View Real Time Build Order
Export as new Build Order

Nyck Terran - Winner!

Build Orders: Reaper Expand 

Get SALT Encoding   

  12  0:00  SCV  
  13  0:12  SCV  
  14  0:17  Supply Depot  
  14  0:24  SCV  
  15  0:39  SCV  
  15  0:40  Barracks  
  16  0:46  Refinery  
  16  0:53  SCV  
  17  1:08  SCV  
  18  1:20  SCV  
  19  1:31  Barracks  
  19  1:32  Orbital Command  
  19  1:35  Reaper  
  19  1:39  Refinery  
  20  1:58  Command Center  
  20  2:01  SCV  
  21  2:08  Barracks Tech Lab  
  21  2:18  SCV  
  21  2:19  Barracks Reactor  
  21  2:20  Supply Depot  
  22  2:30  Barracks  
  22  2:42  SCV  
  25  2:44  Marauder  
  25  2:55  Marine  
  25  2:56  Marine  
  27  2:58  SCV  
  27  3:00  Supply Depot  
  27  3:08  Marine  
  28  3:13  Marine, SCV  
  28  3:17  Orbital Command  
  30  3:30  Marauder, Marine  
  30  3:31  Marine  
  30  3:34  Barracks Reactor  
  34  3:39  Combat Shield  
  34  3:43  SCV  
  34  3:45  SCV  
  36  3:51  Factory  
  36  3:55  SCV  
  37  3:57  SCV  
  38  4:07  SCV  
  38  4:09  SCV  
  40  4:19  SCV  
  40  4:21  Command Center  
  41  4:40  Marine x4  
  41  4:41  Marauder  
  47  4:59  SCV x2  
  49  5:01  Marine  
  49  5:02  Marine x2  
  53  5:14  SCV x2  
  54  5:22  Refinery  
  54  5:25  Refinery  
  54  5:32  Marine x4, SCV x2  
  54  5:33  Marauder  
  62  5:38  Orbital Command  
  62  5:40  Refinery, Command Center  
  62  5:46  Factory Reactor  
  62  5:47  Starport  
  62  5:52  Barracks  
  62  5:56  Engineering Bay  
  62  6:00  Engineering Bay, SCV  
  62  6:03  SCV  
  64  6:07  SCV  
  65  6:12  SCV  
  65  6:15  SCV  
  67  6:19  SCV  
  67  6:24  SCV  
  69  6:35  Starport Reactor  
  69  6:39  Terran Infantry Weapons Level 1  
  69  6:40  Terran Infantry Armor Level 1  
  69  6:41  Supply Depot  
  69  6:42  Supply Depot  
  69  6:47  Barracks Reactor, Marine x2  
  69  6:48  Widow Mine x2, SCV x2  
  69  6:49  Stimpack  
  69  6:51  Marauder, Marine x2  
  81  6:55  Supply Depot  
  81  6:57  SCV  
  82  7:01  Orbital Command  
  82  7:03  SCV x2  
  82  7:05  Supply Depot  
  82  7:08  Supply Depot  
  84  7:12  Marine  
  84  7:13  Marauder, Marine x3  
  90  7:22  Medivac x2  
  94  7:24  Armory  
  94  7:30  SCV x4  
  94  7:34  Refinery  
  94  7:35  Refinery  
  100  7:37  Marauder, Marine x2  
  100  7:39  Marine  
  100  7:40  Marine  
  100  7:42  SCV x4  
  108  7:44  Supply Depot  
  108  7:53  Marine  
  108  7:54  Marine, SCV x4  
  108  7:57  Medivac  
  118  7:58  Marauder  
  118  8:10  SCV x2  
  118  8:11  Marine x3, SCV x2  
  118  8:12  Marine x3  
  130  8:20  Widow Mine x2, Marauder  
  130  8:22  Medivac  
  130  8:24  Terran Vehicle And Ship Armor Level 1  
  130  8:26  Supply Depot  
  136  8:30  Supply Depot  
  136  8:34  Terran Infantry Armor Level 2, Terran Infantry Weapons Level 2  
  136  8:35  Marine  
  136  8:36  Marine x3  
  140  8:42  Marine x3  
  140  8:45  SCV  
  140  8:46  SCV x3  
  147  8:48  Supply Depot  
  147  8:53  Supply Depot  
  147  9:30  SCV x4  
  147  9:31  Marine x7  
  152  9:34  Widow Mine  
  152  9:35  Medivac x2  
  164  9:46  Supply Depot  
  164  9:48  Marine  
  164  9:49  Marine x2  
  164  9:50  Fusion Core  
  167  10:03  Marine x2  
  167  10:04  Marine x2  
  167  10:06  Widow Mine  
  173  10:11  Supply Depot  
  173  10:19  Command Center  
  173  10:20  Terran Vehicle And Ship Armor Level 2  
  173  10:22  Marine  
  173  10:23  Marine x5  
  173  10:24  Marine  
  173  10:28  Medivac x2  
  184  10:30  Widow Mine, Caduceus Reactor  
  184  10:31  Widow Mine  
  184  10:33  SCV x3  
  184  10:34  Supply Depot, SCV  
  190  10:56  Command Center  
  190  11:44  Marine x7  
  189  12:02  Marine  
  189  12:05  Marine  
  189  12:06  Marine x5  
  196  12:16  Orbital Command, Refinery  
  196  12:24  Medivac x2  
  198  12:41  SCV  
  198  12:43  SCV  
  198  13:13  Medivac  
Tags
 
Add a new tag
Caveats
  • Supply blocks, unpowered buildings, or Contaminate may cause inaccurate times.
  • Supply counts are checked every 10 seconds.